 Dungeon Crawl Stone Soup version 0.23-a0-33-g1e3a2e4e2f (webtiles) character file.

37826 Htamos the Prestidigitator (level 13, -2/113 HPs)
             Began as a Pale Draconian Artificer on Aug 5, 2018.
             Was the Champion of Kikubaaqudgha.
             Slain by a warg (15 damage)
             ... led by an orc high priest
             ... on level 1 of the Orcish Mines.
             The game lasted 01:26:55 (35196 turns).

Htamos the Prestidigitator (DrAr)                  Turns: 35196, Time: 01:26:56

Health: -2/113     AC: 11    Str: 19    XL:     13   Next: 60%
Magic:  24/24      EV: 14    Int: 16    God:    Kikubaaqudgha [******]
Gold:   1245       SH: 11    Dex: 11    Spells: 13/27 levels left

rFire    . . .     SeeInvis +   b - +4 rapier
rCold    . . .     Gourm    .   A - +1 shield
rNeg     . . .     Faith    .   (armour unavailable)
rPois    .         Spirit   .   (helmet restricted)
rElec    .         Reflect  .   B - +0 cloak
rCorr    .         Harm     .   d - +1 pair of gloves {archery}
MR       .....                  (no boots)
Stlth    +.........             g - amulet of rage
HPRegen  0.28/turn              z - +3 ring of strength
MPRegen  0.19/turn              C - ring of see invisible

@: no status effects
A: breathe steam, unfitting armour, cold-blooded, AC +8
a: Breathe Steam, Receive Corpses, Torment, Brand Weapon With Pain, Receive
Necronomicon, Renounce Religion, Evoke Berserk Rage


You were on level 1 of the Orcish Mines.
You worshipped Kikubaaqudgha.
Kikubaaqudgha was exalted by your worship.
You were not hungry.

You visited 3 branches of the dungeon, and saw 20 of its levels.

You collected 1511 gold pieces.
You spent 266 gold pieces at shops.

Inventory:

Hand Weapons
 a - a +0 short sword
 b - a +4 rapier (weapon)
 e - a +1 short sword of draining
 n - a +2 dagger of protection
 u - a +2 mace of draining
 G - a +0 long sword
 S - a +1 rapier of protection
 T - a +1 dagger of speed
Missiles
 s - 24 tomahawks (quivered)
 K - a throwing net
 O - 3 javelins
Armour
 d - a +1 pair of gloves of archery (worn)
 t - a +1 pair of gloves
 A - a +1 shield (worn)
 B - a +0 cloak (worn)
Jewellery
 g - an amulet of rage (around neck)
 i - an uncursed amulet of the acrobat
 p - an uncursed amulet of regeneration {unknown}
 x - a +5 ring of intelligence
 y - an uncursed ring of protection from fire
 z - a +3 ring of strength (left hand)
 C - a ring of see invisible (right hand)
 E - the amulet of Ireluxo {Faith Str+2 Slay+3, unknown}
   (You found it on level 12 of the Dungeon)

   [amulet of faith]

   It allows you to gain divine favour quickly.
   It affects your strength (+2).
   It affects your accuracy and damage with ranged weapons and melee attacks
   (+3).
 L - an uncursed ring of fire
 Q - an uncursed amulet of the gourmand {unknown}
 W - an uncursed ring of ice {unknown}
 X - an uncursed ring of positive energy {unknown}
Wands
 c - a wand of enslavement (12)
 P - a wand of flame (17)
 R - a wand of random effects (19)
 Y - a wand of polymorph (13)
Scrolls
 h - a scroll of blinking
 j - 3 scrolls of remove curse
 k - a scroll of vulnerability
 l - 2 scrolls of magic mapping
 m - 3 scrolls of amnesia
 w - 2 scrolls of noise
 J - 2 scrolls of random uselessness
 U - a scroll of enchant armour
 V - a scroll of enchant weapon
Potions
 q - 2 potions of curing
 r - 5 potions of flight
 v - 2 potions of mutation {unknown}
 F - a potion of invisibility
 H - 2 potions of might
 I - a potion of haste
 M - a potion of lignification {unknown}
 N - 2 potions of magic
Comestibles
 f - 39 rations


   Skills:
 + Level 10.1 Fighting
 + Level 7.3 Short Blades
 + Level 8.7 Dodging
 - Level 0.8 Stealth
 + Level 6.9 Shields
 + Level 7.5 Spellcasting
 + Level 9.0 Necromancy
 + Level 13.6 Evocations


You had 13 spell levels left.
You knew the following spells:

 Your Spells              Type           Power        Failure   Level  Hunger
a - Pain                  Necr           ####         1%          1    None
b - Regeneration          Chrm/Necr      ###.......   16%         3    ##.....
c - Agony                 Necr           ####....     22%         5    #####..
d - Dispel Undead         Necr           ####....     22%         5    #####..

Your spell library contained the following spells:

 Spells                   Type           Power        Failure   Level  Hunger
 Cause Fear               Hex            #.........   97%         4    ####...
 Apportation              Tloc           #.....       32%         1    None
 Conjure Flame            Conj/Fire      #.......     69%         3    ##.....
 Confuse                  Hex            #.......     69%         3    ##.....
 Freezing Cloud           Conj/Ice/Air   #.........   100%        6    #######
 Mephitic Cloud           Conj/Pois/Air  #.......     69%         3    ##.....
 Ring of Flames           Chrm/Fire      #.........   100%        7    #######
 Venom Bolt               Conj/Pois      #.........   100%        5    #####..
 Olgreb's Toxic Radiance  Pois           #.......     97%         4    ####...
 Summon Small Mammal      Summ           #...         32%         1    None
 Bolt of Draining         Conj/Necr      ###.......   82%         5    #####..
 Animate Dead             Necr           N/A          9%          4    ####...
 Animate Skeleton         Necr           N/A          1%          1    None
 Vampiric Draining        Necr           ####......   2%          3    ##.....
 Summon Ice Beast         Ice/Summ       #.......     97%         4    ####...
 Call Imp                 Summ           #.......     45%         2    None
 Sting                    Conj/Pois      #...         32%         1    None
 Sublimation of Blood     Necr           ####......   1%          2    None
 Corpse Rot               Necr           N/A          1%          2    None
 Deflect Missiles         Chrm/Air       #.........   100%        6    #######
 Confusing Touch          Hex            #.....       32%         1    None
 Call Canine Familiar     Summ           #.......     69%         3    ##.....
 Metabolic Englaciation   Hex/Ice        #.........   100%        5    #####..
 Silence                  Hex/Air        #.........   100%        5    #####..
 Excruciating Wounds      Chrm/Necr      ###.......   82%         5    #####..
 Petrify                  Tmut/Erth      #.......     97%         4    ####...
 Discord                  Hex            #.........   100%        8    #######
 Summon Lightning Spire   Summ/Air       #.......     97%         4    ####...
 Summon Guardian Golem    Hex/Summ       #.......     69%         3    ##.....
 Gell's Gravitas          Tloc           #.........   69%         3    ##.....
 Yara's Violent Unravell  Hex/Tmut       #.........   100%        5    #####..
 Poisonous Vapours        Pois/Air       #.....       45%         2    None


Dungeon Overview and Level Annotations

Branches:
Dungeon (12/15)            Temple (0/1) D:5            Lair (6/6) D:11
  Swamp (0/4) Lair:3        Snake (0/4) Lair:2        Slime (0/5) Lair:5
    Orc (2/2) D:12            Elf (0/3) Orc:2

Altars:
Ashenzari
Cheibriados
Dithmenos
Fedhas
Kikubaaqudgha
Makhleb
Nemelex Xobeh
Qazlal
Sif Muna
Trog
Uskayaw
Xom
Yredelemnul
Beogh
Jiyva

Shops:
D:6 !*

Annotations:
D:3 1 runed door, Mirvelgyr's ghost, amateur MiBe


Innate Abilities, Weirdness & Mutations

You can breathe blasts of scalding, opaque steam.
Your pale cyan-grey scales are hard. (AC +8)
You cannot fit into any form of body armour.
You are cold-blooded and may be slowed by cold attacks.


Message History

Aim: an orc high priest, wielding a trident and wearing a leather armour (chance to defeat MR: 44%)
Okay, then.
The smoke demon barely misses you. You block the smoke demon's attack.
The smoke demon completely misses you.
The orc warrior hits you with a trident!!
* * * LOW HITPOINT WARNING * * *
The warg bites you!
* * * LOW HITPOINT WARNING * * *
The neqoxec hits you.
* * * LOW HITPOINT WARNING * * *
You block the warg's attack. The smoke demon misses you.
You block the smoke demon's attack. The smoke demon hits you.
* * * LOW HITPOINT WARNING * * *
You block the orc warrior's attack.
The orc high priest calls down the wrath of Beogh upon you.
Beogh smites you!
* * * LOW HITPOINT WARNING * * *
The warg bites you!
You die...
Kikubaaqudgha rasps: "You have failed me!
Welcome... death!"

##.....##
###......#
##....#...#
##.....#...##
##[###.....#.#
##)[.##.....###
#.....#.....#
###.o...###.###
#.@33[[...#.#
#.h4.##....##
#.ยง>o#..#.##
####...####
#.....#
##....##
####..#...###
#....###....#
####..#...###


You could see an orc high priest, an ice devil, a smoke demon, a neqoxec, a warg
and an orc warrior.

Vanquished Creatures
  An orc warlord (Orc:1)
  A two-headed ogre (D:12)
  2 hydras
  A lindwurm (Lair:3)
  An ugly thing (D:12)
  A cyclops (D:11)
  9 komodo dragons
  Joseph (D:7)
  2 black mambas
  2 centaur zombies (D:12)
  20 spiny frogs
  Maurice (D:8)
  A centaur skeleton (D:10)
  2 rime drakes
  A redback zombie (D:10)
  2 yaktaurs (D:12)
  2 trolls
  3 basilisks
  3 polar bears
  2 hornets (D:9)
  17 blink frogs
  A hippogriff (Lair:5)
  A centaur simulacrum (D:10)
  A shadow (D:11)
  13 yaks
  A vampire (D:12)
  A steam dragon (D:11)
  2 wyverns
  A hungry ghost (D:7)
  Grum (D:7)
  2 vampire mosquitoes (D:12)
  3 soldier ants
  4 wargs
  10 water moccasins
  A meliai simulacrum (D:10)
  8 orc warriors
  6 porcupines
  2 sky beasts
  4 ice beasts
  2 black bears
  An eye of draining (D:12)
  7 ogres
  4 phantoms
  6 centaurs
  11 wolves
  14 crocodiles
  A big kobold (D:12)
  17 bullfrogs
  A wyvern skeleton (D:10)
  A hornet simulacrum (D:10)
  6 scorpions
  3 killer bees (D:12)
  2 wights (D:6)
  An electric eel (D:10)
  3 howler monkeys
  4 crimson imps
  A bullfrog zombie (D:12)
  A wyvern simulacrum (D:10)
  13 orc priests
  4 hounds
  3 bullfrog skeletons
  7 iguanas
  8 worker ants
  15 orc wizards
  4 bullfrog simulacra
  2 hound skeletons
  A worker ant zombie (D:9)
  6 gnolls
  11 adders
  A hound simulacrum (D:10)
  3 shadow imps
  3 white imps (D:10)
  A worker ant simulacrum (D:10)
  2 oozes
  An ufetubus (D:9)
  An adder skeleton (D:7)
  2 dart slugs
  6 leopard geckos
  52 orcs
  A ball python (D:3)
  5 giant cockroaches
  4 goblins
  7 hobgoblins
  9 jackals
  4 quokkas
  9 bats
  2 frilled lizards
  A jackal zombie (D:7)
  12 kobolds
  7 rats
430 creatures vanquished.

Vanquished Creatures (collateral kills)
  A hydra (Lair:5)
  A two-headed ogre (D:12)
  A rime drake (Lair:5)
  A troll (Orc:1)
  A hippogriff (Lair:5)
  4 basilisks (Lair:5)
  A wyvern (Lair:5)
  A warg (Orc:1)
  A porcupine (Lair:1)
  6 orc warriors (Orc:1)
  An ogre (D:12)
  2 centaurs (D:12)
  A scorpion (D:6)
  A crimson imp (D:8)
  4 orc wizards
  A hound (D:8)
  An iguana (D:12)
  A gnoll (D:10)
  8 orcs
  A goblin (D:1)
39 creatures vanquished.

Vanquished Creatures (others)
  A hydra (Lair:5)
  An ogre mage (D:12)
  3 two-headed ogres (D:12)
  A wyvern (Lair:5)
  A troll (D:12)
  An orc sorcerer (Orc:1)
  A rime drake (Lair:5)
  A yaktaur (D:12)
  3 hippogriffs (Lair:5)
  3 komodo dragons (Lair:1)
  4 basilisks (Lair:5)
  3 centaurs (D:12)
  3 yaks (D:12)
  A wight (D:6)
  A worker ant (D:7)
  7 fungi
  13 plants
48 creatures vanquished.

Grand Total: 517 creatures vanquished

Notes
Turn   | Place    | Note
-------+----------+-------------------------------------------
     0 | D:1      | Htamos the Draconian Artificer began the quest for the Orb.
     0 | D:1      | Reached XP level 1. HP: 16/16 MP: 3/3
   385 | D:1      | Reached XP level 2. HP: 23/23 MP: 4/4
   753 | D:1      | Reached XP level 3. HP: 27/29 MP: 5/5
  1007 | D:2      | Found a basalt altar of Yredelemnul.
  1081 | D:2      | Noticed an ice beast
  1093 | D:2      | Killed an ice beast
  1093 | D:2      | Reached skill level 4 in Evocations
  1093 | D:2      | Reached XP level 4. HP: 23/37 MP: 5/7
  1307 | D:2      | Reached XP level 5. HP: 42/42 MP: 8/8
  1880 | D:2      | Found a shimmering altar of Xom.
  1884 | D:2      | Found a snail-covered altar of Cheibriados.
  1884 | D:2      | Found a burning altar of Makhleb.
  1884 | D:2      | Found an ancient bone altar of Kikubaaqudgha.
  1884 | D:2      | Found a hide-covered altar of Uskayaw.
  1912 | D:2      | Found a stormy altar of Qazlal.
  1938 | D:2      | Became a worshipper of Kikubaaqudgha
  2174 | D:3      | Found a deep blue altar of Sif Muna.
  2505 | D:3      | Found a runed door.
  2623 | D:3      | Reached * piety under Kikubaaqudgha
  2623 | D:3      | Identified Kikubaaqudgha's Compendium of Evil (Kikubaaqudgha gifted it to you on level 3 of the Dungeon)
  2623 | D:3      | Received a gift from Kikubaaqudgha
  2623 | D:3      | Reached skill level 5 in Evocations
  2641 | D:3      | Learned a level 1 spell: Pain
  2983 | D:3      | Noticed Mirvelgyr's ghost (amateur MiBe)
  2998 | D:4      | Noticed a phantom
  3019 | D:3      | Reached XP level 6. HP: 39/51 MP: 9/9
  3097 | D:4      | Reached skill level 1 in Necromancy
  3195 | D:4      | Found a shadowy altar of Dithmenos.
  3214 | D:4      | Found a shattered altar of Ashenzari.
  3635 | D:3      | Your scales start taking on a pale cyan-grey colour.
  3635 | D:3      | Reached skill level 6 in Evocations
  3635 | D:3      | Reached XP level 7. HP: 51/57 MP: 11/11
  4262 | D:5      | Entered Level 5 of the Dungeon
  4370 | D:5      | Reached skill level 7 in Evocations
  4962 | D:5      | Reached XP level 8. HP: 67/67 MP: 13/13
  5094 | D:5      | Found a staircase to the Ecumenical Temple.
  5425 | D:6      | Found Uqiwka's Assorted Antiques.
  5518 | D:6      | Bought a scroll labeled YTETHA GUASE for 28 gold pieces
  5518 | D:6      | Bought a scroll labeled JUFFOO ZEOB for 28 gold pieces
  5806 | D:6      | Reached ** piety under Kikubaaqudgha
  5931 | D:6      | Found Sairel's Distillery.
  6020 | D:6      | Reached skill level 1 in Spellcasting
  6510 | D:6      | Reached skill level 8 in Evocations
  6521 | D:6      | Reached skill level 5 in Fighting
  6938 | D:6      | Bought a scroll of enchant weapon for 210 gold pieces
  7011 | D:7      | Found a blossoming altar of Fedhas.
  7447 | D:7      | Reached XP level 9. HP: 65/74 MP: 15/15
  8070 | D:7      | Noticed Joseph
  8098 | D:7      | Killed Joseph
  8098 | D:7      | Reached skill level 5 in Dodging
  8548 | D:7      | Reached skill level 9 in Evocations
  8734 | D:8      | Noticed Maurice
  8755 | D:8      | Reached *** piety under Kikubaaqudgha
  8755 | D:8      | Identified Kikubaaqudgha's Reference Book on Sinister Magic (Kikubaaqudgha gifted it to you on level 8 of the Dungeon)
  8755 | D:8      | Received a gift from Kikubaaqudgha
  8778 | D:8      | Killed Maurice
  8819 | D:8      | Learned a level 3 spell: Regeneration
  8825 | D:8      | Learned a level 5 spell: Agony
  8831 | D:8      | Learned a level 5 spell: Dispel Undead
  8990 | D:8      | Reached skill level 5 in Necromancy
  9248 | D:8      | Noticed Grum
  9848 | D:7      | Killed Grum
  9848 | D:7      | Reached XP level 10. HP: 61/84 MP: 17/17
 10021 | D:8      | Reached skill level 10 in Evocations
 10321 | D:9      | Found a sparkling altar of Nemelex Xobeh.
 10736 | D:9      | Found a bloodstained altar of Trog.
 11230 | D:9      | Paralysed by a hornet for 3 turns
 11238 | D:9      | Reached skill level 1 in Shields
 11654 | D:9      | Found a roughly hewn altar of Beogh.
 12138 | D:10     | Entered Level 10 of the Dungeon
 12685 | D:9      | Reached **** piety under Kikubaaqudgha
 14751 | D:10     | Reached skill level 11 in Evocations
 15443 | D:10     | Reached XP level 11. HP: 88/92 MP: 19/19
 16162 | D:11     | Found a staircase to the Lair.
 16366 | D:11     | Reached skill level 5 in Spellcasting
 16672 | D:11     | Reached ***** piety under Kikubaaqudgha
 17264 | Lair:1   | Entered Level 1 of the Lair of Beasts
 19347 | Lair:2   | Reached skill level 12 in Evocations
 19688 | Lair:2   | Reached skill level 5 in Short Blades
 20338 | Lair:2   | Reached XP level 12. HP: 59/103 MP: 21/21
 20879 | Lair:2   | Found a staircase to the Snake Pit.
 21506 | Lair:2   | Reached skill level 5 in Shields
 23761 | Lair:3   | HP: 5/103 [poisoned by a spiny frog]
 23777 | Lair:3   | HP: 5/103 [poisoned by a spiny frog]
 23782 | Lair:3   | HP: 4/103 [poisoned by a spiny frog]
 23789 | Lair:3   | HP: 3/103 [poisoned by a spiny frog]
 23796 | Lair:3   | HP: 3/103 [poisoned by a spiny frog]
 23804 | Lair:3   | HP: 3/103 [poisoned by a spiny frog]
 24520 | Lair:3   | Found a staircase to the Swamp.
 25730 | Lair:4   | Noticed a six-headed hydra
 25740 | Lair:4   | Killed a six-headed hydra
 25740 | Lair:4   | Reached skill level 13 in Evocations
 25800 | Lair:4   | Found a labyrinth entrance.
 28518 | Lair:5   | Found a staircase to the Slime Pits.
 28519 | Lair:5   | Found a viscous altar of Jiyva.
 28539 | Lair:5   | Noticed an eight-headed hydra
 28571 | Lair:5   | Killed an eight-headed hydra
 28571 | Lair:5   | Reached XP level 13. HP: 111/111 MP: 23/23
 29569 | Lair:6   | Entered Level 6 of the Lair of Beasts
 31259 | D:11     | Identified a scroll of acquirement
 31311 | D:12     | Found a staircase to the Orcish Mines.
 32141 | D:12     | Got a translucent bronze amulet
 33234 | D:12     | Reached ****** piety under Kikubaaqudgha
 33234 | D:12     | Reached skill level 10 in Fighting
 33772 | Orc:1    | Entered Level 1 of the Orcish Mines
 33887 | Orc:1    | You fall through a shaft!
 33887 | Orc:2    | Entered Level 2 of the Orcish Mines
 33997 | Orc:1    | Noticed an orc warlord
 34213 | Orc:2    | Found a staircase to the Elven Halls.
 35192 | Orc:2    | Noticed an orc warlord
 35196 | Orc:1    | Slain by a warg

Vault maps used:
D:1:      minmay_arrival_floating_metal
D:2:      marbit_many_paths, minitemple, first_ration
D:3:      lemuel_coloured_pillars_altar, ebering_ghost_sewer_d,
          kennysheep_generic_room_5
D:4:      old_standard_altar, nicolae_dithmenos_through_a_glass_darkly,
          minivault_26
D:5:      minmay_temple_entry_fiery
D:6:      serial_shops, nicolae_shop_trees, kennysheep_diamond
D:7:      kennysheep_mini, uniq_joseph
D:8:      uniq_maurice, uniq_grum
D:9:      overflow_temple_1_default, lemuel_doored_altar,
          hangedman_pestilent_swarm, david_defended_altar_orc
D:10:     serial_ice, serial_ice_g, serial_ice_o, serial_ice_i, serial_ice_e,
          serial_ice_a, serial_ice_c, serial_ice_m, enter_bailey_2,
          evilmike_butchery
D:11:     lair_entry_dummy
D:12:     orc_0_dummy, grunt_potential
Lair:1:   beast_lair_carwin_7
Lair:2:   minmay_snake_entry_six_corridors, serial_bayou_pond_b
Lair:3:   minmay_swamp_entry_reptiles
Lair:4:   lab_entry_generic, beast_lair_carwin_5, lemuel_fruit_tree,
          infiniplex_staircase_pool
Lair:5:   slime_altar_1, special_room
Lair:6:   evilmike_catoblepas_cave
Orc:1:    library_closet
Orc:2:    grunt_orc_cross, uniq_rupert

Skill      XL: |  1  2  3  4  5  6  7  8  9 10 11 12 13 |
---------------+----------------------------------------+-----
Dodging        | 2 3 4 5 6 7 8 |  8.7
Fighting       | 2 3 4 5 6 7 8 9 10 | 10.1
Evocations     | 4 5 6 7 8 9 11 12 13 | 13.6
Necromancy     | 1 2 3 5 6 7 8 9 |  9.0
Short Blades   | 2 3 4 5 6 7 |  7.3
Spellcasting   | 2 3 4 5 6 7 |  7.5
Shields        | 3 4 6 |  6.9
Stealth        | |  0.8

Action                   |  1- 3 |  4- 6 |  7- 9 | 10-12 | 13-15 || total
-------------------------+-------+-------+-------+-------+-------++-------
Melee: Short sword       |    45 |   177 |    79 |     3 |    11 ||   315
       Tailslap          |     6 |    17 |    57 |   155 |    68 ||   303
       Rapier            |       |       |   405 |  1020 |   417 ||  1842
       Long sword        |       |       |       |    81 |       ||    81
 Cast: Pain              |       |     1 |       |     4 |       ||     5
       Regeneration      |       |       |       |     2 |       ||     2
 Abil: Breathe Steam     |       |       |     7 |    68 |    12 ||    87
       Evoke Berserk Rag |       |       |     9 |     6 |       ||    15
Evoke: Wand              |    14 |     6 |    17 |    49 |    63 ||   149
  Use: Scroll            |       |     3 |    13 |    13 |     8 ||    37
       Potion            |       |       |     1 |    17 |     1 ||    19
 Stab: Sleeping          |     2 |     2 |       |     2 |       ||     6
       Paralysed         |       |       |     2 |    49 |       ||    51
       Petrified         |       |       |       |       |     4 ||     4
  Eat: Chunk             |     1 |     8 |    16 |    42 |    17 ||    84
       Ration            |       |       |     4 |     9 |     2 ||    15
Armor: Skin              |    19 |    51 |   110 |   277 |    66 ||   523
Dodge: Dodged            |    30 |   158 |   302 |   544 |   185 ||  1219
Block: Shield            |       |       |    18 |   461 |   233 ||   712
       Rpst.: Long sword |       |       |       |    14 |       ||    14

Table legend:
 A = Spawn XP
 B = Non-spawn XP
 C = Spawn XP percentage of total XP
 D = Spawn monster count
 E = Non-spawn monster count
 F = Spawn count percentage of total count
 G = Total turns spent on level
                    A         B        C        D         E        F      G
               +---------+---------+-------+---------+---------+-------+---------
         Total |       0 |   54038 |   0.0 |       0 |     482 |   0.0 | 35196
               +---------+---------+-------+---------+---------+-------+---------
           D:1 |       0 |      41 |   0.0 |       0 |      18 |   0.0 |   959
           D:2 |       0 |     199 |   0.0 |       0 |      23 |   0.0 |  1051
           D:3 |       0 |     261 |   0.0 |       0 |      30 |   0.0 |  1581
           D:4 |       0 |     692 |   0.0 |       0 |      20 |   0.0 |  1006
           D:5 |       0 |     370 |   0.0 |       0 |       8 |   0.0 |  1031
           D:6 |       0 |     863 |   0.0 |       0 |      30 |   0.0 |  1326
           D:7 |       0 |    1952 |   0.0 |       0 |      29 |   0.0 |  2333
           D:8 |       0 |    1620 |   0.0 |       0 |      25 |   0.0 |  1257
           D:9 |       0 |    2096 |   0.0 |       0 |      28 |   0.0 |  3132
          D:10 |       0 |    3194 |   0.0 |       0 |      40 |   0.0 |  2453
          D:11 |       0 |    2058 |   0.0 |       0 |      16 |   0.0 |  2124
          D:12 |       0 |    7686 |   0.0 |       0 |      56 |   0.0 |  2072
        Lair:1 |       0 |    5796 |   0.0 |       0 |      21 |   0.0 |  2727
        Lair:2 |       0 |    8348 |   0.0 |       0 |      40 |   0.0 |  3817
        Lair:3 |       0 |    2165 |   0.0 |       0 |       8 |   0.0 |  1856
        Lair:4 |       0 |    7522 |   0.0 |       0 |      25 |   0.0 |  2645
        Lair:5 |       0 |    6466 |   0.0 |       0 |      33 |   0.0 |  2001
        Lair:6 |       0 |     112 |   0.0 |       0 |       1 |   0.0 |   606
         Orc:1 |       0 |    2398 |   0.0 |       0 |      29 |   0.0 |  1161
         Orc:2 |       0 |     199 |   0.0 |       0 |       2 |   0.0 |    58
               +---------+---------+-------+---------+---------+-------+---------
